 Dungeon Crawl Stone Soup version 0.22-a0-407-gb098539 (webtiles) character file.

62 dstrtnsr the Chopper (level 4, 0/41 HPs)
             Began as a Hill Orc Berserker on May 10, 2018.
             Was a Follower of Trog.
             Slain by an orc
             ... wielding a +0 flail
              (3 damage)
             ... on level 3 of the Dungeon.
             The game lasted 00:00:32 (568 turns).

dstrtnsr the Chopper (Hill Orc Berserker)            Turns: 568, Time: 00:00:33

Health: 0/41       AC:  2    Str: 20    XL:     4   Next: 8%
Magic:  4/4        EV: 12    Int:  7    God:    Trog [*.....]
Gold:   30         SH:  0    Dex: 10    Spells: 3/3 levels left

rFire    . . .     SeeInvis .   a - +0 hand axe
rCold    . . .     Gourm    .   (no shield)
rNeg     . . .     Faith    .   b - +0 animal skin
rPois    .         Spirit   .   (no helmet)
rElec    .         Reflect  .   (no cloak)
rCorr    .         Harm     .   (no gloves)
MR       .....                  (no boots)
Stlth    +.........             (no amulet)
HPRegen  0.13/turn              (no ring)
MPRegen  0.09/turn              (no ring)

@: confused
A: no striking features
a: Berserk, Renounce Religion


You were on level 3 of the Dungeon.
You worshipped Trog.
Trog was aware of your devotion.
You were not hungry.

You visited 1 branch of the dungeon, and saw 3 of its levels.

You collected 30 gold pieces.

Inventory:

Hand Weapons
 a - a +0 hand axe (weapon)
Missiles
 g - a throwing net (quivered)
Armour
 b - a +0 animal skin (worn)
Potions
 c - a potion of heal wounds {unknown}
 d - 2 potions of curing {unknown}
 f - a potion of berserk rage {unknown}
Comestibles
 e - 2 rations {!d}


   Skills:
 + Level 4.4 Fighting
 * Level 5.7 Axes
 - Level 2.1 Armour
 - Level 1.5 Dodging


You had 3 spell levels left.
You didn't know any spells.

Dungeon Overview and Level Annotations

Branches:
Dungeon (3/15)

Altars:


Message History

You hit the orc wizard.
You kill the orc wizard!
Trog accepts your kill.
Trog appreciates your killing of a magic user.
You have reached level 4!
Things that are here:
a dagger; a robe You start resting.
You recover from your berserk rage.
You feel yourself speed up.
Key pressed, stopping explore.
You start resting.
All of the chunks of flesh in your inventory have rotted away.
Key pressed, stopping explore.
HP restored.
Things that are here:
a whip; a leather armour; a bat skeleton
Items here: ))) [[ a whip; a club; a leather armour; a short sword; a chain mail
Things that are here:
a dagger; a goblin skeleton A rat comes into view.
A rat is nearby!
A rat is nearby!
A rat is nearby!
A rat is nearby!
A rat is nearby!
A rat is nearby!
An orc comes into view. It is wielding a whip.
The orc shouts!
You hear a shout!
An orc wizard comes into view. It is wielding a dagger.
An orc comes into view. It is wielding a flail.
The orc shouts!
The orc hits you with a whip.
The orc wizard drinks a potion.
The orc wizard seems to grow stronger.
You hit the orc.
The orc is almost dead.
You hit the rat.
You kill the rat!
Trog accepts your kill. The orc hits you with a whip!
You slash the orc!
You kill the orc!
Trog accepts your kill.
You hit the orc wizard but do no damage.
The orc wizard closely misses you.
You closely miss the orc wizard. You hit the orc but do no damage.
The orc wizard hits you but does no damage.
The orc hits you with a flail.
You hit the orc wizard.
The orc wizard is lightly wounded.
You closely miss the orc. The orc wizard barely misses you.
The orc hits you with a flail!
You barely miss the orc wizard.
The orc wizard is lightly wounded.
You barely miss the orc. The orc wizard barely misses you.
You hit the orc wizard.
The orc wizard is heavily wounded.
You hit the orc. The orc wizard casts a spell at you.
You are confused.
The orc hits you with a flail.
You are too confused!
You are too confused!
You are too confused!
You are too confused!
You are too confused!
You are too confused!
You are too confused!
You are too confused!
You are too confused!
You are too confused!
You are too confused!
You are too confused!
You are too confused!
You are too confused!
You are too confused!
You are too confused!
You are too confused!
You are too confused!
You are too confused!
You are too confused!
You're too confused!
You're too confused!
You are too confused!
Unknown command.
You're too confused to move!
The orc wizard closely misses you. The orc hits you with a flail.
You closely miss the orc wizard.
The orc wizard is heavily wounded.
You barely miss the orc. The orc wizard hits you with a dagger.
The orc hits you with a flail!
* * * LOW HITPOINT WARNING * * *
The orc wizard gestures at you while chanting.
You are more confused.
You bump into the rock wall.
The orc hits you with a flail.
* * * LOW HITPOINT WARNING * * *
The orc wizard hits you but does no damage.
The orc hits you with a flail.
You die...

###### ....#
###...##
......#
#.... #
#.oo###.# #.
#.@...# #
#.###.#####
..#.....####
...........#
...........#
...........#
...........#
...........#
...........#


You could see an orc wizard and an orc.

Vanquished Creatures
  An orc wizard (D:3)
  An adder (D:3)
  5 orcs (D:3)
  3 bats
  A giant cockroach (D:2)
  5 goblins
  A hobgoblin (D:3)
  A kobold (D:1)
  2 rats
20 creatures vanquished.

Notes
Turn   | Place    | Note
-------+----------+-------------------------------------------
     0 | D:1      | dstrtnsr the Hill Orc Berserker began the quest for the Orb.
     0 | D:1      | Reached XP level 1. HP: 19/19 MP: 1/1
    90 | D:1      | Reached XP level 2. HP: 22/27 MP: 2/2
   284 | D:3      | Reached skill level 5 in Axes
   288 | D:3      | Reached XP level 3. HP: 33/33 MP: 3/3
   296 | D:3      | HP: 16/49 [orc wizard/magic dart (6)]
   305 | D:3      | HP: 8/33 [orc wizard/magic dart (4)]
   309 | D:3      | Reached XP level 4. HP: 9/41 MP: 4/4
   566 | D:3      | HP: 7/41 [orc/flail (10)]
   567 | D:3      | HP: 3/41 [orc/flail (4)]
   568 | D:3      | Slain by an orc

Vault maps used:
D:1:      roderic_crossed_star
D:2:      minmay_tetromino_i4
D:3:      first_ration, kennysheep_generic_room_4

Skill      XL: |  1  2 |
---------------+-------+-----
Fighting       | 4 |  4.4
Axes           | 5 |  5.7
Armour         | |  2.1
Dodging        | |  1.5

Action                   |  1- 3 |  4- 6 || total
-------------------------+-------+-------++-------
Melee: Hand axe          |    56 |     7 ||    63
Invok: Berserk           |     1 |       ||     1
Armor: Animal skin       |    12 |       ||    12
Dodge: Dodged            |    34 |     4 ||    38

Table legend:
 A = Spawn XP
 B = Non-spawn XP
 C = Spawn XP percentage of total XP
 D = Spawn monster count
 E = Non-spawn monster count
 F = Spawn count percentage of total count
 G = Total turns spent on level
                    A         B        C        D         E        F      G
               +---------+---------+-------+---------+---------+-------+---------
         Total |       0 |      89 |   0.0 |       0 |      20 |   0.0 |   568
               +---------+---------+-------+---------+---------+-------+---------
           D:1 |       0 |      10 |   0.0 |       0 |       6 |   0.0 |    98
           D:2 |       0 |       4 |   0.0 |       0 |       3 |   0.0 |   118
           D:3 |       0 |      75 |   0.0 |       0 |      11 |   0.0 |   352
               +---------+---------+-------+---------+---------+-------+---------
